 Dungeon Crawl Stone Soup version 0.27-b1-41-gafb5482f4b (webtiles) character file.

Game seed: 13321874596988761826

103 hawla the Sneak (level 4, 0/40 HPs)
             Began as a Deep Elf Delver on July 28, 2021.
             Killed from afar by Sigmund (9 damage)
             ... with a puff of flame
             ... on level 2 of the Dungeon.
             The game lasted 00:13:22 (4111 turns).

hawla the Sneak (Deep Elf Delver)                   Turns: 4111, Time: 00:13:23

Health: 0/40       AC: 22    Str:  9    XL:     4   Next: 51%
Magic:  0/7        EV:  2    Int: 16    God:
Gold:   218        SH:  0    Dex: 16    Spells: 2/5 levels left

rFire    . . .     SeeInvis .   m - +2 dagger (speed)
rCold    . . .     Faith    .   (no shield)
rNeg     + + +     Spirit   .   (armour currently unavailable)
rPois    +         Reflect  .   (helmet currently unavailable)
rElec    .         Harm     .   (cloak currently unavailable)
rCorr    .         Rampage  .   (gloves currently unavailable)
Will     .....     NoTele   +   (boots currently unavailable)
Stlth    ++++......             (no amulet)
HPRegen  0.13/turn              (no ring)
MPRegen  0.10/turn              (no ring)

@: brilliant, tree-form (expiring), very slightly contaminated
A: stationary, stasis, torment immunity, boosted hp
a: no special abilities


You were on level 2 of the Dungeon.
You were a tree.
You visited 2 branches of the dungeon, and saw 6 of its levels.

You collected 218 gold pieces.

Inventory:

Hand Weapons
 m - a +2 dagger of speed (weapon)
Armour
 h - a +0 robe (melded)
 l - a +0 pair of gloves (melded)
 o - a +0 helmet (melded)
Wands
 g - a wand of digging (3)
Scrolls
 a - a scroll of immolation {unknown}
 c - a scroll of fog
 d - a scroll of magic mapping
 e - a scroll of fear
 f - a scroll of brand weapon {unknown}
 j - 3 scrolls of noise {unknown}
 k - a scroll of teleportation {unknown}
 n - a scroll of amnesia {unknown}
 s - a scroll of identify {unknown}
Potions
 i - a potion of lignification
 p - a potion of curing
 t - a potion of haste


   Skills:
 - Level 2.6 Fighting
 + Level 2.4 Short Blades
 + Level 0.2 Throwing
 - Level 3.0 Dodging
 - Level 7.0 Stealth
 + Level 1.2 Spellcasting
 + Level 0.2 Conjurations
 - Level 1.0 Translocations
 + Level 0.4 Air Magic
 + Level 0.4 Poison Magic
 + Level 0.5 Evocations


You had 2 spell levels left.
You knew the following spells:

 Your Spells              Type           Power      Damage    Failure   Level
a - Mephitic Cloud        Conj/Pois/Air  3%         N/A       50%         3

Your spell library contained the following spells:

 Spells                   Type           Power      Damage    Failure   Level
 Apportation              Tloc           12%        N/A       14%         1
 Animate Skeleton         Necr           2%         N/A       22%         1
 Corona                   Hex            1%         N/A       22%         1
 Foxfire                  Conj/Fire      8%         2x1d4     22%         1
 Summon Small Mammal      Summ           4%         N/A       22%         1
 Blink                    Tloc           N/A        N/A       22%         2
 Ensorcelled Hibernation  Hex/Ice        2%         N/A       34%         2
 Conjure Flame            Conj/Fire      2%         6-21      54%         3
 Ignite Poison            Fire/Tmut/Pois 2%         N/A       54%         3
 Inner Flame              Hex/Fire       1%         N/A       56%         3
 Tukima's Dance           Hex            1%         N/A       56%         3
 Bolt of Magma            Conj/Fire/Erth 0%         4d4       99%         5
 Manifold Assault         Tloc           6%         N/A       99%         5
 Storm Form               Tmut/Air       1%         N/A       100%        7


Dungeon Overview and Level Annotations

Branches:
Dungeon (5/15)             Temple (1/1) D:4

Altars:
Ashenzari
Cheibriados
Dithmenos
Elyvilon
Fedhas
Gozag
Kikubaaqudgha
Makhleb
Nemelex Xobeh
Qazlal
Sif Muna
Trog
Uskayaw
Xom
Yredelemnul
The Shining One

Annotations:
D:2 Sigmund, Terence


Message History

Confirm with . or Enter, or press ? or * to list all spells.
You can't see any susceptible monsters within range! (Use Z to cast anyway.)
There is a strange disturbance nearby!
Casting: Mephitic Cloud (quite dangerous; 50% risk of failure)
Confirm with . or Enter, or press ? or * to list all spells.
The spell is quite dangerous to cast (50% risk of failure)!
Continue anyway?
Aiming: Mephitic Cloud (quite dangerous; 50% risk of failure)
Press: ? - help, Shift-Dir - straight line You feel a surge of power!
You miscast Mephitic Cloud.
You are very lightly contaminated with residual magic.
You feel rather nauseous for a moment.
You are poisoned.
You resist.
You feel sick.
You hear a zap.
A puff of flame appears from out of thin air!
The puff of flame hits you but does no damage.
You hit something. Something hits you.
You hit something but do no damage.
Your transformation is almost over.
You feel sick.
You hear a zap.
A puff of flame appears from out of thin air!
The puff of flame hits you.
* * * LOW HITPOINT WARNING * * *
You feel better.
You hear a zap.
A puff of flame appears from out of thin air!
The puff of flame hits you.
* * * LOW HITPOINT WARNING * * *
You hit something. You miss something.
You hear a zap.
A puff of flame appears from out of thin air!
The puff of flame hits you but does no damage.
You hit something. You barely miss something.
You hear a zap.
A puff of flame appears from out of thin air!
The puff of flame hits you!
You die...

.......##.# #.#.##...........
..........# #.#)##...#.#...##
###.#.###.# #.#.##...#.#...## #
#.#.###.#######.#.##.........##
###..........[...................
......###.#######....#...###...##
###.#.##...#.##.####.#.........#
# #.#.##...#.##.####.#...###...#
###.#.###..#....♣{.......# #...#
.).........#....####.##..# #...#
###.#.#.#............##.[# #...#
..#.#.#.#.....#.####.##..###...#
#.#.#.........#.#..............#
......#.#.....#.##.#.##)####...#
#.#.###.......#.##.#.##.# #...#
.............##.##.#.##.# #...#
..#.............##.#.##.# #...#


There were no monsters in sight!

Vanquished Creatures
  A bullfrog skeleton (D:5)
  Jessica (D:2)
  An adder (D:3)
  3 giant cockroaches (D:2)
  9 goblins
  5 hobgoblins
  2 jackals (D:1)
  3 quokkas
  2 ball pythons
  2 bats
  2 frilled lizards (D:1)
  4 kobolds (D:1)
  5 rats
40 creatures vanquished.

Vanquished Creatures (others)
  2 fungi (D:1)
  2 toadstools (D:1)
4 creatures vanquished.

Grand Total: 44 creatures vanquished

Notes
Turn   | Place    | Note
-------+----------+-------------------------------------------
     0 | D:5      | hawla the Deep Elf Delver began the quest for the Orb.
     0 | D:5      | Reached XP level 1. HP: 13/13 MP: 3/3
    17 | D:5      | Noticed a phantom
    21 | D:5      | Reached XP level 2. HP: 18/18 MP: 4/4
    36 | D:5      | Noticed a necrophage
   291 | D:4      | Found a staircase to the Ecumenical Temple.
   300 | Temple   | Entered the Ecumenical Temple
   370 | D:4      | Found a shadowy altar of Dithmenos.
   438 | D:3      | Reached skill level 7 in Stealth
   438 | D:3      | Reached XP level 3. HP: 10/22 MP: 5/5
   853 | D:2      | Noticed Jessica
   870 | D:2      | Killed Jessica
   871 | D:2      | Reached skill level 1 in Spellcasting
  1160 | D:2      | Reached XP level 4. HP: 25/27 MP: 7/7
  1193 | D:2      | Noticed Sigmund
  1351 | D:2      | Learned a level 3 spell: Mephitic Cloud
  1477 | D:2      | Found a shimmering blue altar of Sif Muna.
  1739 | D:1      | Reached skill level 1 in Translocations
  3352 | D:2      | Found a faded altar of an unknown god.
  3472 | D:2      | Noticed Terence
  4111 | D:2      | Killed from afar by Sigmund

Illustrated notes

Levels and vault maps discovered:
D:1:      lemuel_arrival_broad_hall, layout_basic, minmay_gold_behind_fungi,
          st_stairs_7, kennysheep_boxes
D:2:      layout_basic, basic_altar, chequers_ecumenical_altar_simple_redux,
          minmay_misc_feat_iff, uniq_terence, uniq_jessica, uniq_sigmund
D:3:      layout_basic
D:4:      layout_basic, nicolae_dithmenos_the_darkroom,
          minmay_temple_entry_glassed_door, minmay_diced_spiral, uniq_pikel
D:5:      layout_gridville, biasface_ghost_orc_armoury, uniq_crazy_yiuf_cottage
Temple:   eino_wide_crystal_templ

Skill      XL: |  1  2  3  4 |
---------------+-------------+-----
Stealth        | 7 |  7.0
Spellcasting   | 1 |  1.2
Translocations | 1 |  1.0
Dodging        | 3 |  3.0
Fighting       | |  2.6
Short Blades   | |  2.4
Throwing       | |  0.2
Conjurations   | |  0.2
Air Magic      | |  0.4
Poison Magic   | |  0.4
Evocations     | |  0.5

Action                   |  1- 3 |  4- 6 || total
-------------------------+-------+-------++-------
Melee: Short sword       |    44 |   101 ||   145
       Dagger            |       |    51 ||    51
 Cast: Mephitic Cloud    |       |     1 ||     1
  Use: Potion            |     2 |     6 ||     8
 Stab: Sleeping          |     4 |     7 ||    11
Armor: Leather armour    |     2 |       ||     2
       Robe              |     6 |    24 ||    30
       Skin              |       |    11 ||    11
Dodge: Dodged            |    24 |    83 ||   107
